 Dungeon Crawl Stone Soup version 0.29.1-2-gbd0b4ee654 (webtiles) character file.

Game seed: 7224134526190690980

13056 Icepheonix32 the Fighter (level 11, -7/107 HPs)
             Began as a Minotaur Fighter on Oct 26, 2022.
             Was a Priest of Okawaru.
             Mangled by a vampire (8 damage)
             ... on level 11 of the Dungeon.
             The game lasted 00:15:08 (12922 turns).

Icepheonix32 the Fighter (Minotaur Fighter)        Turns: 12922, Time: 00:15:09

Health: -7/107     AC: 15    Str: 22    XL:     11   Next: 70%
Magic:  11/11      EV: 17    Int:  7    God:    Okawaru [***...]
Gold:   751        SH:  0    Dex: 11    Spells: 7/10 levels left

rFire   . . .      SeeInvis .   h - +2 war axe (elec)
rCold   + . .      Faith    .   j - orb {mayhem}
rNeg    . . .      Spirit   .   e - +4 ring mail
rPois   .          Reflect  .   (helmet restricted)
rElec   .          Harm     .   k - +0 cloak
rCorr   .          Rampage  .   (no gloves)
Will    .....      Rnd*Tele +   s - +2 pair of boots
Stlth   +.........              (no amulet)
HPRegen 0.27/turn               y - +4 ring of evasion
MPRegen 0.12/turn               w - ring of protection from cold

@: on berserk cooldown, slowed, studying Hexes, very slow
A: horns 2, retaliatory headbutt, mutation resistance 1, teleportitis 1
a: Renounce Religion, Heroism


You were on level 11 of the Dungeon.
You worshipped Okawaru.
Okawaru was most pleased with you.
You visited 2 branches of the dungeon, and saw 12 of its levels.
You also visited: Sewer.

You collected 751 gold pieces.

Inventory:

Hand Weapons
 a - the +1 long sword of Joisih {vorpal, *Rage rPois rN+}
   (You found it on level 11 of the Dungeon)

   It inflicts extra damage upon your enemies.
   rPois:     It protects you from poison.
   rN:        It protects you from negative energy.
   *Rage:     It berserks you when you make melee attacks (+20% chance).
 h - a +2 war axe of electrocution (weapon)
 D - a +2 morningstar of holy wrath
 E - a +1 short sword of holy wrath
 L - a +2 short sword of draining
 S - a +2 vampiric spear
 T - a +2 whip of freezing
Missiles
 N - 4 throwing nets (quivered)
Armour
 b - a +0 scale mail of cold resistance
 c - a +0 buckler
 e - a +4 ring mail (worn)
 j - an orb of mayhem (worn)
 k - a +0 cloak (worn)
 s - a +2 pair of boots (worn)
 J - +2 acid dragon scales
 P - +0 steam dragon scales
Jewellery
 w - a ring of protection from cold (right hand)
 y - a +4 ring of evasion (left hand)
 z - a ring of see invisible
 A - an amulet of guardian spirit
 H - a ring of wizardry
 Q - an amulet of regeneration
 R - a ring of resist corrosion
Wands
 v - a wand of iceblast (3)
 x - a wand of polymorph (10)
 B - a wand of digging (5)
 C - a wand of mindburst (24)
 K - a wand of flame (17)
Scrolls
 f - 3 scrolls of enchant weapon
 g - a scroll of poison
 m - 2 scrolls of teleportation
 t - 4 scrolls of magic mapping
 u - 3 scrolls of vulnerability
 F - 2 scrolls of fear
 M - a scroll of torment
Potions
 d - 3 potions of might
 i - 3 potions of curing
 l - 4 potions of heal wounds
 n - 3 potions of attraction
 o - a potion of haste
 p - a potion of resistance
 q - a potion of cancellation
 r - 9 potions of flight
 G - a potion of brilliance
 I - a potion of invisibility
 O - a potion of magic
 U - a potion of ambrosia
 V - a potion of lignification


   Skills:
 * Level 13.5 Fighting
 + Level 0.6 Short Blades
 + Level 10.5(11.0) Axes
 + Level 4.8(8.3) Polearms
 + Level 9.0 Armour
 + Level 7.4 Dodging
 + Level 2.5 Stealth
 + Level 7.3 Shields
 * Level 2.4 Hexes
 * Level 2.3 Invocations
 + Level 1.0 Evocations


You had 7 spell levels left.
You knew the following spells:

 Your Spells              Type           Power      Damage    Failure   Level
a - Dazzling Flash        Conj/Hex       2%         N/A       77%         3

Your spell library contained the following spells:

 Spells                   Type           Power      Damage    Failure   Level
 Sandblast                Erth           0%         2d4       56%         1
 Passwall                 Tmut/Erth      0%         N/A       71%         2
 Ozocubu's Armour         Ice            0%         N/A       90%         3
 Stone Arrow              Conj/Erth      0%         3d7       90%         3
 Agony                    Necr           0%         N/A       100%        5
 Metabolic Englaciation   Hex/Ice        0%         N/A       100%        5
 Silence                  Hex/Air        0%         N/A       100%        5
 Conjure Ball Lightning   Conj/Air       0%         3x3d6     100%        6
 Discord                  Hex            1%         N/A       100%        8
 Disjunction              Tloc           0%         N/A       100%        8
 Simulacrum               Ice/Necr       Unusable   N/A       N/A         6

Dungeon Overview and Level Annotations

Branches:
Dungeon (11/15)            Temple (1/1) D:5            Lair (0/5) D:8
  Sewer (visited)
    Orc: D:9-12

Altars:
Ashenzari
Cheibriados
Dithmenos
Elyvilon
Fedhas
Gozag
Hepliaklqana
Kikubaaqudgha
Makhleb
Nemelex Xobeh
Okawaru
Qazlal
Ru
Sif Muna
Trog
Uskayaw
Vehumet
Wu Jian
Xom
Yredelemnul
Zin
The Shining One

Annotations:
D:8 2 runed translucent doors, Rudyous's ghost, novice MiFi
D:10 2 transporters


Innate Abilities, Weirdness & Mutations

You have a pair of horns on your head.
You reflexively headbutt those who attack you in melee.
You are somewhat resistant to further mutation.
You are occasionally teleported next to monsters.


Message History

Deactivating autopickup; reactivate with Ctrl-A.
Something tries to affect you, but you resist.
The acid dragon closely misses you. The acid dragon completely misses you.
Something hits you. Something bites you but does no damage.
You closely miss the acid dragon.
The acid dragon is severely wounded.
You miss something. The acid dragon bites you!
* * * LOW HITPOINT WARNING * * *
The acid dragon barely misses you. The acid dragon completely misses you.
The acid dragon claws you but does no damage.
Something hits you.
* * * LOW HITPOINT WARNING * * *
Something bites you.
* * * LOW HITPOINT WARNING * * *
Something draws strength from your injuries!
The acid dragon misses you. The acid dragon closely misses you.
You slash the acid dragon!
You kill the acid dragon!
Okawaru accepts your kill.
You hit something but do no damage. Something hits you.
* * * LOW HITPOINT WARNING * * *
Something bites you.
* * * LOW HITPOINT WARNING * * *
Something draws strength from your injuries!
Something hits you.
* * * LOW HITPOINT WARNING * * *
Something completely misses you.
Your Armour skill increases to level 9!
Unknown command.
You slash something! Something hits you but does no damage.
Something bites you but does no damage.
You hit something but do no damage. Something hits you!
* * * LOW HITPOINT WARNING * * *
Something bites you.
* * * LOW HITPOINT WARNING * * *
Something draws strength from your injuries!
Something hits you.
* * * LOW HITPOINT WARNING * * *
Something bites you!
You die...

#....###+#.#.#
#....##....#.#
##'####....#+## ..# #.#
#.......# ..# #.#
#.......# ...# #.
#.......# ....#
.####.......####...##
..#....#............#
#......#.....@......#
#.#.##.#....){†.....#
####.#....#............#
............#..........#
.............##.........
...........?............
####.#..÷....#.####.#...
+.#####$..... .#...
#.#####...... .. ..


There were no monsters in sight!

Vanquished Creatures
  5 two-headed ogres
  2 cyclopes
  The ghost of Arctor the Shield-Bearer, a novice MiFi of the Shining One (D:5)
  Maggie (D:8)
  A troll (D:9)
  A hornet (D:8)
  A shadow (D:9)
  10 yaks
  2 wraiths
  3 wyverns (D:8)
  2 basilisks (D:8)
  The ghost of safid the Shooter, an amateur MiHu (D:4)
  A steam dragon (D:7)
  5 vampire mosquitoes
  Menkaure (D:7)
  An acid dragon (D:11)
  4 water moccasins
  3 black bears
  2 orc warriors
  A sky beast (D:8)
  5 ice beasts
  2 ogres
  2 wolves (D:8)
  5 centaurs
  A phantom (D:7)
  A kobold brigand (D:8)
  A gnoll sergeant (D:11)
  3 bullfrogs
  2 necrophages (D:4)
  7 scorpions
  3 wights (D:8)
  6 killer bees (D:10)
  3 howler monkeys
  3 hounds
  A gnoll bouda (D:4)
  2 jellies (D:8)
  4 orc priests
  3 iguanas
  7 orc wizards
  A mummy (D:5)
  16 gnolls
  7 river rats
  7 adders
  A shadow imp (D:6)
  2 white imps (D:7)
  5 worms
  2 dart slugs
  24 orcs
  4 endoplasms
  3 giant cockroaches
  9 goblins
  7 hobgoblins
  8 jackals
  A quokka (D:4)
  13 ball pythons
  17 bats
  9 frilled lizards
  12 kobolds
  7 rats
264 creatures vanquished.

Vanquished Creatures (collateral kills)
  An orc wizard (D:11)
1 creature vanquished.

Vanquished Creatures (others)
  2 fungi (D:8)
  23 plants
25 creatures vanquished.

Grand Total: 290 creatures vanquished

Notes
Turn   | Place    | Note
-------+----------+-------------------------------------------
     0 | D:1      | Icepheonix32 the Minotaur Fighter began the quest for the
                  | Orb.
     0 | D:1      | Reached XP level 1. HP: 19/19 MP: 0/0
   299 | D:1      | Found a faded altar of an unknown god.
   325 | D:1      | Reached skill level 4 in Fighting
   328 | D:1      | Reached XP level 2. HP: 24/27 MP: 1/1
  1248 | D:2      | Reached XP level 3. HP: 33/33 MP: 2/2
  1672 | D:2      | Reached XP level 4. HP: 38/41 MP: 3/3
  1876 | D:3      | Found a glowing drain.
  1903 | Sewer    | Entered a sewer
  2140 | Sewer    | Reached skill level 1 in Dodging
  2144 | Sewer    | Reached XP level 5. HP: 32/47 MP: 4/4
  2145 | Sewer    | Reached skill level 5 in Fighting
  2301 | Sewer    | Gained mutation: You have hidden genetic defects. [potion
                  | of mutation]
  2301 | Sewer    | Gained mutation: You occasionally lose the ability to drink
                  | potions when taking damage. [potion of mutation]
  2301 | Sewer    | Gained mutation: Your spells are a little harder to cast,
                  | but a little more powerful. [potion of mutation]
  2301 | Sewer    | Gained mutation: You possess an exceptional clarity of
                  | mind. [potion of mutation]
  2434 | Sewer    | Reached skill level 5 in Armour
  2994 | D:3      | Lost mutation: You possess an exceptional clarity of mind.
                  | [hidden defects]
  2996 | D:3      | Found a blossoming altar of Fedhas.
  3008 | D:3      | Lost mutation: You have hidden genetic defects. [potion of
                  | mutation]
  3008 | D:3      | Lost mutation: You occasionally lose the ability to drink
                  | potions when taking damage. [potion of mutation]
  3008 | D:3      | Gained mutation: You are occasionally teleported next to
                  | monsters. [potion of mutation]
  3008 | D:3      | Gained mutation: You have an increased reservoir of magic.
                  | (+10% MP) [potion of mutation]
  3577 | D:4      | Reached XP level 6. HP: 45/56 MP: 5/5
  3848 | D:4      | Found a hazy altar of Hepliaklqana.
  3894 | D:4      | Found a glowing golden altar of the Shining One.
  3912 | D:4      | Reached skill level 5 in Axes
  4355 | D:4      | Found a transporter.
  4383 | D:4      | Noticed safid's ghost (amateur MiHu)
  4407 | D:4      | Found a transporter.
  4618 | D:5      | Entered Level 5 of the Dungeon
  4619 | D:5      | Noticed an orc warrior
  4800 | D:5      | Noticed an ice beast
  4810 | D:5      | Killed an ice beast
  4811 | D:5      | Reached skill level 6 in Fighting
  4811 | D:5      | Reached XP level 7. HP: 59/63 MP: 6/6
  5121 | D:5      | Found a snail-covered altar of Cheibriados.
  5223 | D:5      | Found a staircase to the Ecumenical Temple.
  5237 | Temple   | Entered the Ecumenical Temple
  5499 | D:5      | Reached XP level 8. HP: 36/71 MP: 7/7
  5704 | D:5      | Noticed Arctor's ghost (novice MiFi)
  5705 | D:5      | Found a runed translucent door.
  5956 | D:5      | Reached skill level 1 in Stealth
  6026 | D:5      | Killed Arctor's ghost
  6027 | D:5      | Reached skill level 7 in Fighting
  6027 | D:5      | Reached skill level 5 in Shields
  6971 | D:7      | Reached skill level 8 in Fighting
  6972 | D:7      | Reached XP level 9. HP: 79/81 MP: 8/8
  7075 | D:7      | Noticed Menkaure
  7078 | D:7      | Killed Menkaure
  7136 | D:7      | You fall into a shaft and drop 3 floors!
  7136 | D:10     | Entered Level 10 of the Dungeon
  7254 | D:10     | Reached skill level 9 in Fighting
  7254 | D:10     | Reached skill level 10 in Axes
  7564 | D:9      | Noticed a two-headed ogre
  7577 | D:9      | Killed a two-headed ogre
  7578 | D:9      | Reached skill level 5 in Dodging
  7593 | D:9      | Reached XP level 10. HP: 68/92 MP: 10/10
  7607 | D:9      | Reached skill level 10 in Fighting
  7827 | D:9      | Reached skill level 11 in Fighting
  8074 | D:9      | Found a white marble altar of Elyvilon.
  8117 | D:9      | Found a broken altar of Ashenzari.
  8231 | D:8      | Found a staircase to the Lair.
  8465 | D:8      | Noticed Maggie
  8478 | D:8      | Killed Maggie
  8631 | D:8      | Reached skill level 12 in Fighting
  8841 | D:8      | Lost mutation: You have an increased reservoir of magic.
                  | (+10% MP) [potion of mutation]
  8841 | D:8      | Lost mutation: Your spells are a little harder to cast, but
                  | a little more powerful. [potion of mutation]
  8841 | D:8      | Gained mutation: You are somewhat resistant to further
                  | mutation. [potion of mutation]
  9090 | D:8      | Found a radiant altar of Vehumet.
  9432 | D:8      | Found a large runed translucent door.
  9432 | D:8      | Found a large runed translucent door.
  9433 | D:8      | Noticed Rudyous's ghost (novice MiFi)
  9778 | D:7      | Reached XP level 11. HP: 93/105 MP: 10/10
 10065 | D:7      | Found a shadowy altar of Dithmenos.
 10065 | D:7      | Found a sacrificial altar of Ru.
 10073 | D:7      | Found an ancient bone altar of Kikubaaqudgha.
 10075 | D:7      | Found a shimmering blue altar of Sif Muna.
 10077 | D:7      | Found a faded altar of an unknown god.
 10332 | D:4      | Killed safid's ghost
 11118 | D:9      | Found an ornate altar of the Wu Jian Council.
 11197 | D:10     | Found an iron altar of Okawaru.
 11215 | D:10     | Became a worshipper of Warmaster Okawaru
 11253 | D:10     | Noticed a two-headed ogre
 11264 | D:10     | Killed a two-headed ogre
 11265 | D:10     | Reached skill level 1 in Polearms
 11269 | D:10     | Learned a level 3 spell: Dazzling Flash
 11351 | D:10     | HP: 1/106 [yak (8)]
 11356 | D:10     | Reached * piety under Okawaru
 11362 | D:10     | Reached skill level 1 in Invocations
 11722 | D:10     | Noticed a two-headed ogre
 11722 | D:10     | Noticed a two-headed ogre
 11758 | D:10     | Killed a two-headed ogre
 11759 | D:10     | Reached skill level 13 in Fighting
 11759 | D:10     | Reached skill level 1 in Hexes
 11772 | D:10     | Killed a two-headed ogre
 11772 | D:10     | Reached ** piety under Okawaru
 12158 | D:10     | Found a transporter.
 12164 | D:10     | Noticed an orc high priest
 12167 | D:10     | Noticed an orc high priest
 12168 | D:10     | Found a transporter.
 12168 | D:10     | Noticed an orc knight
 12646 | D:11     | Noticed a two-headed ogre
 12665 | D:11     | Killed a two-headed ogre
 12665 | D:11     | Reached *** piety under Okawaru
 12666 | D:11     | Reached skill level 1 in Evocations
 12782 | D:11     | Identified the +1 long sword of Joisih {vorpal, *Rage rPois
                  | rN+}
 12922 | D:11     | HP: 5/107 [something (2)]
 12922 | D:11     | HP: 1/107 [something (4)]
 12922 | D:11     | Mangled by a vampire

Illustrated notes

Levels and vault maps discovered:
D:1:      denvon_arrival_planthouse, layout_basic,
          shapermc_ecumenical_altar_pompeii
D:2:      layout_loops_cross
D:3:      layout_basic, mainiacjoe_overflow_brackets,
          cheibrodos_sewer_entry_sluice, st_stairs_9,
          minmay_misc_feat_nine_boxes
D:4:      layout_basic, mainiacjoe_overflow_small_starburst, tso_altar,
          gammafunk_ghost_gnarly_gnolls, minmay_misc_feat_pillars
D:5:      layout_loops_cross, chei_slow_surprise, temple_statues,
          hellmonk_ghost_happy_afterlife
D:6:      layout_loops_ring, hangedman_decor_riveting
D:7:      minmay_angry_zag, layout_basic, chequers_temple_overflow_minitemple,
          uniq_menkaure
D:8:      layout_loops_ring, vehumet_altar_wand_db, minmay_lair_entry_grove,
          ebering_ghost_disaster_area, uniq_maggie
D:9:      layout_rooms, mainiacjoe_overflow_cross_hatched,
          nzn_wu_jian_council_hall, mainiacjoe_overflow_paths
D:10:     gammafunk_beogh_shrine, layout_cave_pools, kennysheep_okawaru_gauntlet
D:11:     layout_basic, serial_shops, shop, billiards_dpeg
Temple:   chequers_temple_sunken

Skill      XL: |  1  2  3  4  5  6  7  8  9 10 11 |
---------------+----------------------------------+-----
Fighting       | 4 5 6 8 9 12 13 | 13.5
Shields        | 4 5 6 7 |  7.3
Armour         | 4 5 6 7 8 9 |  9.0
Axes           | 3 4 5 6 8 10 | 10.5
Dodging        | 1 2 3 5 6 7 |  7.4
Stealth        | 1 2 |  2.5
Polearms       | 4 |  4.8
Invocations    | 2 |  2.3
Hexes          | 2 |  2.4
Evocations     | 1 |  1.0
Short Blades   | |  0.6

Action                   |  1- 3 |  4- 6 |  7- 9 | 10-12 || total
-------------------------+-------+-------+-------+-------++-------
Melee: War axe           |    69 |   147 |   174 |   221 ||   611
       Headbutt          |    11 |    17 |    36 |    95 ||   159
       Short sword       |       |       |       |    18 ||    18
       Spear             |       |       |       |   173 ||   173
       Long sword        |       |       |       |    15 ||    15
Throw: Dart              |       |       |       |     1 ||     1
       Throwing net      |       |       |       |     1 ||     1
Evoke: Wand              |       |       |     1 |     6 ||     7
  Use: Scroll            |       |    13 |     2 |     7 ||    22
       Potion            |       |     2 |     2 |     5 ||     9
 Stab: Distracted        |       |       |       |     1 ||     1
Armor: Scale mail        |    27 |    94 |       |       ||   121
       Ring mail         |       |     4 |    69 |   155 ||   228
Dodge: Dodged            |    32 |    84 |   158 |   339 ||   613
Block: Buckler           |    13 |    40 |    44 |    61 ||   158
